 Dungeon Crawl Stone Soup version 0.16.2-12-gd0ad4c3 (webtiles) character file.

16946 Azhtabak the Arsonist (level 12, -2/73 HPs)
             Began as an Octopode Fire Elementalist on Oct 18, 2015.
             Was the Champion of Sif Muna.
             Shot with an arrow of frost by a centaur (9 damage)
             ... led by a centaur warrior
             ... on level 13 of the Dungeon.
             The game lasted 03:30:10 (18614 turns).

Azhtabak the Arsonist (Octopode Fire Elementalist) Turns: 18614, Time: 03:30:10

Health: -2/73      AC:  1    Str: 10    XL:     12   Next: 42%
Magic:  22/30      EV: 13    Int: 20    God:    Sif Muna [******]
Gold:   939        SH:  0    Dex: 12    Spells: 7 memorised, 7 levels left

rFire  . . .     SeeInvis .     a - +1 dagger (drain)
rCold  . . .     Clarity  .     (no shield)
rNeg   + + .     SustAb   +     (helmet restricted)
rPois  .         Gourm    .     p - amulet of warding
rElec  .         Spirit   .     i - ring of sustain abilities
rCorr  .         Warding  +     l - ring of flight
rMut   .         Stasis   .     u - +3 ring of slaying
MR     .....                    v - ring of teleport control
Stlth  +++++.....               s - ring of positive energy
                                Q - ring of wizardry
                                (no ring)
                                (no ring)

@: about to teleport, not resistant to hostile enchantments, quite stealthy
A: almost no armour, amphibious, 8 rings, constrict 8, camouflage 1, gelatinous
body 1
a: Channel Energy, Forget Spell, Renounce Religion, Evoke Flight, Evoke Teleport
Control


You were on level 13 of the Dungeon.
You worshipped Sif Muna.
Sif Muna was exalted by your worship.
You were not hungry.

You visited 2 branches of the dungeon, and saw 14 of its levels.

You collected 939 gold pieces.

Inventory:

Hand weapons
 a - a +1 dagger of draining (weapon)
 b - a +0 morningstar of protection
Jewellery
 i - a ring of sustain abilities (left tentacle)
 l - a ring of flight (right tentacle)
 p - an amulet of warding (around mantle)
 s - a ring of positive energy (on tentacle)
 u - a +3 ring of slaying (on tentacle)
 v - a ring of teleport control (on tentacle)
 A - an uncursed ring of ice
 Q - a ring of wizardry (on tentacle)
Magical devices
 e - a wand of confusion (22)
 E - a wand of polymorph (12)
 F - a wand of fire (5)
 N - a wand of heal wounds (0)
 R - a wand of draining (2)
 T - a wand of magic darts (19)
Scrolls
 f - a scroll of torment
 j - 6 scrolls of remove curse
 r - 3 scrolls of recharging
 x - a scroll of fear {unknown}
 y - a scroll of random uselessness {unknown}
 D - a scroll of blinking {unknown}
 G - 2 scrolls of amnesia {unknown}
 H - a scroll of identify
 I - 4 scrolls of magic mapping
 K - 2 scrolls of teleportation
 O - a scroll of enchant armour {unknown}
 P - 2 scrolls of enchant weapon
 W - a scroll of immolation
 X - a scroll of silence
Potions
 g - 2 potions of ambrosia
 h - a potion of magic
 m - a potion of brilliance
 n - a potion of cancellation
 o - 2 potions of haste
 t - a potion of curing
 w - a potion of lignification {unknown}
 z - 2 potions of cure mutation
 C - a potion of restore abilities {unknown}
 L - a potion of mutation {unknown}
 M - a potion of poison {unknown}
 S - a potion of might {unknown}
 V - 2 potions of heal wounds
Books
 d - a book of Control

   Spells                             Type                      Level
   a - Control Teleport               Charms/Translocation         4
   b - Control Undead                 Necromancy                   4
   c - Enslavement                    Hexes                        4
   d - Metabolic Englaciation         Hexes/Ice                    5
   e - Mass Confusion                 Hexes                        6
 B - a book of Fire

   Spells                             Type                      Level
   a - Ignite Poison                  Fire/Transmutation           5
   b - Fireball                       Conjuration/Fire             5
   c - Bolt of Fire                   Conjuration/Fire             6
   d - Delayed Fireball               Conjuration/Fire             7
   e - Ring of Flames                 Charms/Fire                  7
 J - a book of Maledictions

   Spells                             Type                      Level
   a - Corona                         Hexes                        1
   b - Sure Blade                     Hexes/Charms                 2
   c - Ensorcelled Hibernation        Hexes/Ice                    2
   d - Confuse                        Hexes                        3
   e - Dazzling Spray                 Conjuration/Hexes            3
   f - Enslavement                    Hexes                        4
Comestibles
 c - 7 bread rations
 k - 2 meat rations
 q - 9 fruits
 U - 6 chunks of flesh


   Skills:
 - Level 3.6 Fighting
 - Level 3.3 Dodging
 - Level 7.0 Stealth
 * Level 10.4 Spellcasting
 * Level 10.2 Conjurations
 * Level 4.6 Hexes
 * Level 2.3 Translocations
 * Level 10.6 Fire Magic
 + Level 1.0 Evocations


You had 7 spell levels left.
You knew the following spells:

 Your Spells              Type           Power        Failure   Level  Hunger
a - Bolt of Fire          Conj/Fire      ######....   6%          6    ######.
b - Conjure Flame         Conj/Fire      ######..     1%          3    None
c - Fireball              Conj/Fire      ######....   1%          5    ####...
d - Inner Flame           Hex/Fire       #####...     1%          3    None
e - Throw Flame           Conj/Fire      ######       1%          2    None
f - Sticky Flame          Conj/Fire      ######..     1%          4    ##.....
g - Apportation           Tloc           ###.......   1%          1    None


Dungeon Overview and Level Annotations

Branches:
Dungeon (13/15)            Temple (1/1) D:6            Lair (0/8) D:9
    Orc (0/4) D:11
 Vaults: D:13-14

Altars:
Dithmenos
Elyvilon
Fedhas
Kikubaaqudgha
Makhleb
Qazlal
Ru
Sif Muna
Vehumet
Xom
Yredelemnul
Zin
The Shining One
Lugonu

Shops:
D:13 !

Annotations:
D:3 Scuka's ghost, average GrFi
D:4 Sigmund


Innate Abilities, Weirdness & Mutations

You cannot wear most types of armour.
You are amphibious.
You can wear up to eight rings at the same time.
You can use your tentacles to constrict many enemies at once.
Your skin changes colour to match your surroundings (Stealth).
Your rubbery body absorbs attacks (AC +1).


Message History

The centaur warrior shouts!
Casting: Inner Flame
Confirm with . or Enter, or press ? or * to list all spells.
Aiming: Fireball
Press: ? - help, Shift-Dir - straight line, p - centaur The fireball explodes!
The fireball engulfs the centaur warrior.
The centaur warrior is moderately wounded.
The fireball engulfs the centaur.
You kill the centaur!
The centaur warrior wields a shortbow.
The centaur warrior shoots an arrow.
The arrow hits you.
The centaur shoots an arrow of frost.
The arrow of frost hits you! The arrow of frost freezes you!
Read which item? (? for menu, Esc to quit)
As you read the scroll of teleportation, it crumbles to dust.
You feel strangely unstable.
The centaur warrior shoots an arrow.
The arrow hits you!!
* * * LOW HITPOINT WARNING * * *
The centaur shoots an arrow of frost.
The arrow of frost hits you!
You die...

....# ....# ....## .....#
#### ....## ##..##### .#
....#####....##.#####.##
.....>..................
....).....((...........c.
....((...(.(...(@.$....c.
[...####...#.....(...#.##
....# ##.####..........
)[..# #...# #....#.##..
...)## ##.## ....#### #
...<.## ### ##.###
...(..# ### ..(..##
.....#


You could see a centaur warrior and a centaur.

Vanquished Creatures
  Urug (D:10)
  2 unseen horrors (D:12)
  Pikel (D:8)
  An ugly thing (D:13)
  3 manticores
  A centaur zombie (D:11)
  Psyche (D:8)
  2 komodo dragons (D:9)
  3 kobold demonologists (D:11)
  2 two-headed ogres
  Prince Ribbit (D:8)
  A basilisk (D:13)
  15 yaks
  2 wyverns
  A deep elf mage (D:10)
  2 shadows
  A wraith (D:13)
  A hippogriff (D:12)
  A hungry ghost (D:9)
  2 slaves
  2 ice beasts
  A soldier ant (D:13)
  2 water moccasins
  3 orc warriors
  5 sky beasts
  3 black bears
  4 ogres
  2 eyes of draining
  A wasp (D:8)
  6 centaurs
  2 phantoms
  A swamp drake (D:9)
  9 big kobolds
  10 giant frogs
  A gnoll sergeant (D:9)
  2 wyvern skeletons (D:11)
  4 scorpions
  12 wights
  2 vampire bats (D:5)
  3 killer bees (D:9)
  4 crimson imps
  A giant frog zombie (D:11)
  3 goliath beetles
  9 orc priests
  6 hounds
  3 jellies
  A centaur skeleton (D:12)
  A giant frog skeleton (D:7)
  17 orc wizards
  3 quasits
  7 iguanas
  5 worker ants
  A killer bee zombie (D:9)
  A hound skeleton (D:6)
  9 gnolls
  2 giant mites
  17 adders
  4 shadow imps
  A white imp (D:11)
  4 worms
  3 adder skeletons
  13 giant geckos
  2 oozes
  36 orcs
  2 ball pythons
  10 bats
  5 bat skeletons (D:5)
  2 bat zombies (D:5)
  3 giant cockroaches
  16 goblins
  16 hobgoblins
  8 jackals (D:4)
  63 kobolds
  7 quokkas
  8 giant newts
  2 giant spores
  2 quokka zombies
  10 rats
  2 ballistomycetes (D:12)
  3 plants (D:6)
431 creatures vanquished.

Vanquished Creatures (others)
  A slave (D:8)
  A giant frog (D:8)
  A jelly (D:9)
  An orc wizard (D:8)
  An iguana (D:8)
  2 gnolls (D:8)
  3 orcs
  A hobgoblin (D:8)
  2 kobolds
  A giant spore (D:12)
  A ballistomycete (D:6)
  4 plants
19 creatures vanquished.

Grand Total: 450 creatures vanquished

Notes
Turn   | Place    | Note
--------------------------------------------------------------
     0 | D:1      | Azhtabak, the Octopode Fire Elementalist, began the quest for the Orb.
     0 | D:1      | Reached XP level 1. HP: 11/11 MP: 3/3
   149 | D:1      | Reached XP level 2. HP: 17/17 MP: 1/4
   615 | D:2      | Reached XP level 3. HP: 19/21 MP: 3/6
   626 | D:2      | Learned a level 3 spell: Conjure Flame
  1504 | D:2      | Found a blossoming altar of Fedhas.
  1571 | D:2      | Reached XP level 4. HP: 25/27 MP: 5/8
  1961 | D:3      | Noticed Scuka's ghost (average GrFi)
  2910 | D:4      | Reached skill level 4 in Stealth
  2917 | D:4      | Reached XP level 5. HP: 21/31 MP: 1/9
  3231 | D:4      | Noticed Sigmund
  3737 | D:4      | Reached XP level 6. HP: 34/36 MP: 9/12
  4287 | D:5      | Entered Level 5 of the Dungeon
  4365 | D:5      | Reached skill level 5 in Stealth
  4628 | D:5      | Found a radiant altar of Vehumet.
  4874 | D:5      | Reached XP level 7. HP: 19/41 MP: 12/15
  5122 | D:5      | Found an ancient bone altar of Kikubaaqudgha.
  5236 | D:5      | Reached skill level 5 in Fire Magic
  5590 | D:6      | Found a staircase to the Ecumenical Temple.
  5597 | Temple   | Entered the Ecumenical Temple
  5810 | Temple   | Became a worshipper of Sif Muna the Loreminder
  5878 | Temple   | Reached XP level 8. HP: 27/47 MP: 12/18
  6789 | D:6      | Reached skill level 5 in Spellcasting
  6829 | D:6      | Acquired Sif Muna's first power
  6888 | D:6      | Reached skill level 5 in Conjurations
  6888 | D:6      | Reached skill level 6 in Fire Magic
  7097 | D:6      | Reached skill level 1 in Fighting
  7692 | D:7      | Found a glowing golden altar of the Shining One.
  7721 | D:7      | Found a shimmering altar of Xom.
  7733 | D:7      | Found a glowing silver altar of Zin.
  7745 | D:7      | Found a sacrificial altar of Ru.
  7795 | D:7      | Learned a level 5 spell: Fireball
  7798 | D:7      | Found a burning altar of Makhleb.
  7851 | D:7      | Found a burning altar of Makhleb.
  8118 | D:7      | Found a shadowy altar of Dithmenos.
  8533 | D:8      | Noticed Psyche
  8546 | D:8      | Killed Psyche
  8546 | D:8      | Acquired Sif Muna's second power
  8546 | D:8      | Reached XP level 9. HP: 48/54 MP: 18/22
  8767 | D:8      | Noticed Pikel
  8873 | D:7      | Reached skill level 7 in Fire Magic
  9213 | D:8      | Killed Pikel
  9528 | D:8      | Learned a level 3 spell: Inner Flame
  9531 | D:8      | Learned a level 2 spell: Throw Flame
  9536 | D:8      | Learned a level 4 spell: Sticky Flame
 10216 | D:8      | Noticed Prince Ribbit
 10227 | D:8      | Killed Prince Ribbit
 10227 | D:8      | Reached skill level 8 in Fire Magic
 10337 | D:8      | Reached skill level 1 in Hexes
 10337 | D:8      | Reached XP level 10. HP: 63/63 MP: 16/25
 10803 | D:9      | Learned a level 6 spell: Bolt of Fire
 11094 | D:9      | Found a basalt altar of Yredelemnul.
 11132 | D:9      | Reached skill level 1 in Evocations
 11154 | D:9      | Acquired Sif Muna's third power
 12254 | D:9      | Reached skill level 9 in Fire Magic
 12544 | D:9      | Reached XP level 11. HP: 67/67 MP: 10/28
 12573 | D:9      | Found a staircase to the Lair.
 13359 | D:9      | Noticed a manticore
 13363 | D:9      | Killed a manticore
 13878 | D:10     | Entered Level 10 of the Dungeon
 14285 | D:10     | Learned a level 1 spell: Apportation
 14816 | D:10     | Noticed Urug
 14820 | D:10     | Killed Urug
 14820 | D:10     | Reached skill level 1 in Translocations
 15339 | D:11     | Found a staircase to the Orcish Mines.
 15549 | D:11     | Received a gift from Sif Muna
 15805 | D:11     | Found a corrupted altar of Lugonu.
 15814 | D:11     | Reached skill level 10 in Fire Magic
 16218 | D:12     | Noticed an unseen horror
 16223 | D:12     | Killed an unseen horror
 16614 | D:11     | Reached XP level 12. HP: 73/73 MP: 8/30
 16782 | D:12     | Noticed an unseen horror
 16791 | D:12     | Killed an unseen horror
 17011 | D:12     | Reached skill level 10 in Spellcasting
 17677 | D:13     | Found Skydioh's Distillery.
 17853 | D:13     | Reached skill level 10 in Conjurations
 18387 | D:13     | Noticed a centaur warrior
 18469 | D:12     | Received a gift from Sif Muna
 18614 | D:13     | Shot with an arrow of frost by a centaur

Action                   |  1- 3 |  4- 6 |  7- 9 | 10-12 || total
-------------------------+-------+-------+-------+-------++-------
Melee: Dagger            |    48 |   116 |   185 |   151 ||   500
       Morningstar       |       |       |    87 |    75 ||   162
Throw: Stone             |       |       |     1 |       ||     1
 Cast: Flame Tongue      |    20 |    54 |    86 |       ||   160
       Conjure Flame     |     2 |     7 |    10 |    17 ||    36
       Fireball          |       |       |     9 |    32 ||    41
       Sticky Flame      |       |       |     3 |    61 ||    64
       Throw Flame       |       |       |     2 |   138 ||   140
       Inner Flame       |       |       |     1 |     4 ||     5
       Bolt of Fire      |       |       |       |    42 ||    42
Invok: Channel Energy    |       |       |       |    15 ||    15
       Forget Spell      |       |       |       |     1 ||     1
Evoke: Wand              |       |       |     7 |     2 ||     9
  Use: Scroll            |     1 |     4 |    14 |     7 ||    26
       Potion            |       |     1 |     5 |     4 ||    10
 Stab: Sleeping          |     5 |    16 |    14 |    12 ||    47
       Distracted        |       |       |     2 |     2 ||     4
  Eat: Chunk             |     2 |     9 |     7 |    32 ||    50
       Beef jerky        |       |     2 |     2 |     8 ||    12
       Pizza             |       |       |     1 |     1 ||     2
       Bread ration      |       |       |     2 |     1 ||     3
       Fruit             |       |       |     1 |     6 ||     7
       Royal jelly       |       |       |       |     1 ||     1
